[Event "*** Titled Tuesday Blitz"]
[Site "Chess.com"]
[Date "2021.02.02"]
[Round "1"]
[White "Trickov"]
[Black "anon102030"]
[Result "0-1"]
[WhiteElo "2384"]
[BlackElo "2728"]
[TimeControl "180+1"]
[EndTime "10:07:03 PST"]
[Termination "anon102030 won by resignation"]

1. d4 Nf6 2. Nf3 d6 3. g3 g6 4.
Bg2 Bg7 5. c4 O-O 6. Nc3 Nc6 7.
d5 Nb8 8. O-O e5 9. dxe6 fxe6 10.
Ng5 Nc6 11. h4 e5 12. Nd5 h6 13. Nxf6+ Qxf6 14. Bd5+ Kh8 15. Ne4 Qe7 16. Nc3 Bh3 17. Bg2 Bxg2 18. Kxg2 Nd4 19. Be3 Nf5 20. Qd2 c6 21. Rad1 b6 22. Qc1 Rad8 23. Bd2 Qe6 24.
Rh1 Qxc4 25. e4 Nd4 26. Bxh6 Qf7 27. Qe3 Bxh6 28. Qxh6+ Kg8 29. Rd2 Qf3+ 30. Kg1 Qg4 31. Rd1 Rf3 32. h5 Rxg3+ 33. fxg3 Qxg3+ 34. Kf1 Rf8+ 35.
Qxf8+ Kxf8 36. h6 Kg8 37. h7+ Kh8 38. Rd2 Qf3+ 39. Kg1 Qe3+ 40. Rf2 Ne6 41. Ne2 Qxe4 42. Rf6 Qxe2 43. Rxe6 Qg4+ 0-1

[Event "*** Titled Tuesday Blitz"]
[Site "Chess.com"]
[Date "2021.02.02"]
[Round "1"]
[White "Alexchess1984"]
[Black "Zmeeed63"]
[Result "1-0"]
[WhiteElo "2674"]
[BlackElo "2362"]
[TimeControl "180+1"]
[EndTime "10:07:03 PST"]
[Termination "Alexchess1984 won by resignation"]

1. e4 c5 2. c3 d5 3. exd5 Qxd5 4. d4 Nc6 5. Nf3 Bg4 6. Be2 cxd4 7. cxd4 e6 8. h3 Bh5 9. O-O Nf6 10. Nc3 Qa5 11. d5 Nxd5 12. Bd2 Rd8 13. Qb3 Qb6 14. Nxd5 Rxd5 15. Bc3 Bc5 16. Bc4 Bxf3 17. gxf3 Rg5+ 18. Kh1 Bxf2 19. Qxb6 Bxb6 20. f4 Rg3 21. Kh2 Re3 22. Bb3 f6 23. Rae1 Ke7 24. Kg2 Rxe1 25. Rxe1 e5 26.
a4 Bd4 27. Bd2 Kd6 28. fxe5+ fxe5 29. a5 Rf8 30. Re2 Bc5 31. Bc3 Nd4 32. Rd2 Kc7 33.
Bd5 b6 34. b4 Bd6 35. a6 b5 36. Bxd4 exd4 37. Rxd4 Rf4 38. Rd2 Rxb4 39. Rc2+ Kd7 40. Bf3 Ra4 41. Bg4+ Ke7 42. Re2+ Kf7 43. Bc8 Bc5 44. Re5 Bd4 45. Rxb5 Ra2+ 46. Kf3 Bb6 47.
Bb7 g6 48. Bd5+ 1-0

[Event "*** Titled Tuesday Blitz"]
[Site "Chess.com"]
[Date "2021.02.02"]
[Round "1"]
[White "IceBelka"]
[Black "azikom"]
[Result "0-1"]
[WhiteElo "2341"]
[BlackElo "2648"]
[TimeControl "180+1"]
[EndTime "10:07:03 PST"]
[Termination "azikom won on time"]

1. e4 c5 2. Nf3 d6 3. d4 cxd4 4.
Nxd4 Nf6 5. Nc3 a6 6. Be3 b5 7. f3 e6 8. Qd2 Nbd7 9. g4 Bb7 10.
g5 Nh5 11. O-O-O Be7 12. Kb1 O-O 13. Rg1 Ne5 14. f4 Nc4 15. Bxc4 bxc4 16. f5 e5 17. Nde2 Re8 18. Ng3 Nf4 19. h4 Bf8 20. Bxf4 exf4 21. Qxf4 Qa5 22. h5 Rab8 23. g6 Qe5 24. gxf7+ Kxf7 25. Qf3 h6 26. Qg4 Kg8 27. f6 Qxf6 28. Nf5 Kh8 29.
Rdf1 Bc8 30. Qg3 Bxf5 31. Rxf5 Qd4 32. Rf7 Qe5 33. Qxe5 Rxe5 34. Kc1 Rxh5 35. Nd5 Re8 36. Kd2 Rh2+ 37. Kc3 Rh3+ 38. Kd4 c3 39. bxc3 Rh2 40. Nf4 Kg8 0-1

[Event "*** Titled Tuesday Blitz"]
[Site "Chess.com"]
[Date "2021.02.02"]
[Round "1"]
[White "BikingBrian"]
[Black "Carnivoras"]
[Result "1/2-1/2"]
[WhiteElo "2326"]
[BlackElo "2610"]
[TimeControl "180+1"]
[EndTime "10:07:04 PST"]
[Termination "Game drawn by repetition"]

1. d4 d5 2. Bf4 Nf6 3. e3 Bf5 4. c4 c6 5. Nc3 e6 6. Qb3 Qc8 7. cxd5 exd5 8. Rc1 a6 9. Nf3 Be7 10. Be2 O-O 11. O-O Nbd7 12. Nh4 Be6 13. Bd3 Ne4 14.
Nf3 Re8 15. Qc2 f5 16. Ne5 Bf6 17. f3 Nxc3 18. Nxd7 Qxd7 19. bxc3 g6 20. Rce1 Bg7 21. e4 fxe4 22. fxe4 dxe4 23. Bxe4 Bc4 24. Bd3 Bxd3 25.
Qxd3 Rxe1 26. Rxe1 Re8 27. Re4 Qf7 28. Rxe8+ Qxe8 29. h3 h6 30. Kh2 Qf7 31. Qd2 Kh7 32. a4 Qc4 33. Qe3 Qxa4 34. Qe7 Kg8 35. Qe6+ Kh8 36.
Qf7 Qb5 37. Qxg6 a5 38. Bxh6 Bxh6 39. Qxh6+ Kg8 40. Qe6+ Kh8 41. Qf6+ Kg8 42. Qg6+ Kf8 43. Qd6+ Kg8 44. Qe6+ Kf8 45. Qd6+ Kg8 46. Qe6+ 1/2-1/2

[Event "*** Titled Tuesday Blitz"]
[Site "Chess.com"]
[Date "2021.02.02"]
[Round "1"]
[White "VladimirBugayev"]
[Black "IriBu"]
[Result "0-1"]
[WhiteElo "2227"]
[BlackElo "2544"]
[TimeControl "180+1"]
[EndTime "10:07:04 PST"]
[Termination "IriBu won on time"]

1. e4 c5 2. Nc3 Nc6 3. Bb5 Nd4 4. Nf3 a6 5. Bd3 g6 6. Nxd4 cxd4 7. Ne2 Bg7 8. c3 dxc3 9. dxc3 d6 10. O-O e6 11. c4 Nf6 12. Nc3 O-O 13. Bg5 h6 14. Bf4 e5 15. Be3 Be6 16. f3 Rc8 17. Qe2 Qc7 18.
Nd5 Bxd5 19. cxd5 Qd7 20. Rfc1 Nh5 21. Qd2 Kh7 22. Rxc8 Rxc8 23. Rc1 Rxc1+ 24. Qxc1 Nf4 25. Bf1 f5 26. g3 Nh5 27. Bh3 Qf7 28. exf5 gxf5 29.
Qc2 Kg6 30. g4 Nf4 31. gxf5+ Kf6 32. Bxf4 exf4 33. Qe4 Kg5 34. Qe6 Qf6 35. b3 h5 36. Qxf6+ Kxf6 37. Kf1 b6 38. Ke2 Ke5 39.
f6 Bxf6 40. Be6 Kd4 41. Kd2 Bh4 42. h3 Bf2 43. Bf7 b5 44. Bxh5 Kxd5 45. Kd3 Kc5 46.
Bg4 Kb4 47. Bc8 a5 48. Ke4 Bg3 49. Bd7 Kc5 50. Kf5 d5 51. Kg4 d4 52. Bf5 Kb4 53. h4 Kc3 54. h5 d3 55. h6 Bf2 56. Bxd3 Kxd3 57. Kxf4 Be3+ 0-1

[Event "*** Titled Tuesday Blitz"]
[Site "Chess.com"]
[Date "2021.02.02"]
[Round "1"]
[White "Volodar_Murzin"]
[Black "lamomiablanca"]
[Result "1-0"]
[WhiteElo "2575"]
[BlackElo "2266"]
[TimeControl "180+1"]
[EndTime "10:07:05 PST"]
[Termination "Volodar_Murzin won by checkmate"]

1. e4 c5 2. Nf3 Nc6 3. Bb5 g6 4.
Bxc6 dxc6 5. O-O Bg7 6. d3 Nf6 7. a4 a5 8. Nbd2 O-O 9. Re1 Qc7 10. Nc4 b6 11. h3 Nd7 12. e5 b5 13. Na3 Nxe5 14.
Nxe5 Bxe5 15. axb5 Bb7 16. b6 Qb8 17. Nc4 Bf6 18. Be3 a4 19. Bxc5 Re8 20. c3 Ba6 21.
Rxa4 Bb5 22. Rxa8 Qxa8 23. Qf3 Qc8 24. Ne5 Kg7 25. b4 Rd8 26. c4 Ba4 27. d4 Bc2 28. Nxf7 Kxf7 29. Rxe7+ Kg8 30. Qxf6 Rd7 31. Qg7# 1-0

[Event "*** Titled Tuesday Blitz"]
[Site "Chess.com"]
[Date "2021.02.02"]
[Round "1"]
[White "SaqoChess_Twitch"]
[Black "Trickster_Pony"]
[Result "1/2-1/2"]
[WhiteElo "2471"]
[BlackElo "1442"]
[TimeControl "180+1"]
[EndTime "10:07:05 PST"]
[Termination "Game drawn by stalemate"]

1. d4 d5 2. c4 Nc6 3. Nc3 e5 4. cxd5 Nxd4 5. e3 Nf5 6. Nf3 Bd6 7. Bb5+ Bd7 8. O-O Nf6 9. Bxd7+ Qxd7 10. e4 Ne7 11.
Bg5 h6 12. Be3 O-O 13. Nd2 Bb4 14. a3 Ba5 15. b4 Bb6 16. Nc4 Ng6 17. Nxb6 axb6 18.
f3 Rfd8 19. Qe2 Qe7 20. Nb5 c6 21. dxc6 bxc6 22. Nc3 Nd7 23. Rfd1 c5 24. Nd5 Qf8 25. Nxb6 Nxb6 26. Bxc5 Rxd1+ 27. Rxd1 Qb8 28. Qb5 Na4 29. Qxb8+ Rxb8 30. Bd6 Rd8 31. Kf2 Nc3 32. Rc1 Rxd6 33.
Rxc3 f6 34. g3 Ra6 35. Ke3 Kf7 36. Rb3 Ke6 37. b5 Ra8 38. b6 Ne7 39. b7 Rb8 40. a4 Nc6 41. Rb6 Kd7 42. Kd3 Na5 43. Rb5 Nxb7 44. a5 Kc6 45. Rb6+ Kc7 46. Ra6 Nc5+ 47. Kc4 Nxa6 48. Kd5 Rb4 49. Ke6 Ra4 50. Kf7 Rxa5 51. Kxg7 Nc5 52. Kxf6 Nd7+ 53. Kg6 Ra3 54. f4 exf4 55.
gxf4 Rh3 56. e5 Rxh2 57. e6 Nf8+ 58. Kf7 Nxe6 59. Kxe6 Rf2 60. Kf5 h5 61. Kg5 Rh2 62.
f5 Kd7 63. f6 Ke8 64. Kf4 Kf8 65. Kg3 Kf7 66. Kxh2 Kxf6 67. Kh3 Kg5 68. Kh2 Kg4 69.
Kh1 h4 70. Kg1 h3 71. Kh1 Kg3 72. Kg1 h2+ 73. Kh1 Kh3 1/2-1/2

[Event "*** Titled Tuesday Blitz"]
[Site "Chess.com"]
[Date "2021.02.02"]
[Round "1"]
[White "FairChess_on_YouTube"]
[Black "WPWPWP-2015"]
[Result "1-0"]
[WhiteElo "2916"]
[BlackElo "2466"]
[TimeControl "180+1"]
[EndTime "10:07:06 PST"]
[Termination "FairChess_on_YouTube won on time"]

1. e4 e5 2. Nf3 Nc6 3. Bb5 Nf6 4. O-O Nxe4 5. Re1 Nd6 6. Nxe5 Be7 7. Bf1 Nxe5 8.
Rxe5 O-O 9. d4 Bf6 10. Re1 Nf5 11. d5 d6 12. Nd2 Nh4 13. Ne4 Bf5 14. g3 Ng6 15. f4 Re8 16. Bg2 Be7 17. Bd2 c6 18.
Bc3 Rc8 19. Kh1 Bf8 20. Qd4 c5 21. Qd2 Qd7 22. Re2 Bg4 23. Re3 b5 24. b3 b4 25.
Bb2 h6 26. Rae1 Bh3 27. Qe2 Bg4 28. Bf3 Bxf3+ 29. Qxf3 Qf5 30. Nf6+ gxf6 31. Rxe8 Rxe8 32. Rxe8 Qxc2 33. Qe2 Qb1+ 34. Kg2 Qf5 35. Qe4 Qg4 36. Bxf6 h5 37. f5 Qxe4+ 38. Rxe4 Ne5 39. Bxe5 dxe5 40. Rxe5 Kg7 41. Re8 Bd6 42. Rd8 1-0

[Event "*** Titled Tuesday Blitz"]
[Site "Chess.com"]
[Date "2021.02.02"]
[Round "1"]
[White "gumimis"]
[Black "markowskitomasz"]
[Result "0-1"]
[WhiteElo "2326"]
[BlackElo "2625"]
[TimeControl "180+1"]
[EndTime "10:07:06 PST"]
[Termination "markowskitomasz won by resignation"]

1. e4 c5 2. Nf3 e6 3. d4 cxd4 4.
Nxd4 a6 5. Nc3 Qc7 6. Be2 Nf6 7. O-O d6 8. Be3 b5 9. a3 Bb7 10. Bd3 Nbd7 11. f4 Be7 12. Qf3 Nc5 13. Kh1 O-O 14.
Rae1 Rac8 15. Qh3 Nfxe4 16. Nxe4 Nxe4 17. Nxe6 Qd7 18. Ng5 Qxh3 19. Nxh3 Bf6 20. c3 Nc5 21. Bb1 Rfe8 22. Nf2 Na4 23. Bc1 g6 24. Ng4 Bh4 25. Rd1 Re2 26. Ne3 Re8 27. Bd3 R8xe3 28. Bxe2 Rxe2 29.
Rg1 Bf2 30. Rgf1 Bc5 31. Rg1 Bxg1 32. Rxg1 Nxb2 33. Rd1 Nxd1 0-1

[Event "*** Titled Tuesday Blitz"]
[Site "Chess.com"]
[Date "2021.02.02"]
[Round "1"]
[White "tjychess"]
[Black "mfwagnerpeixoto"]
[Result "1-0"]
[WhiteElo "2651"]
[BlackElo "2344"]
[TimeControl "180+1"]
[EndTime "10:07:08 PST"]
[Termination "tjychess won by resignation"]

1. d4 d5 2. Nf3 c6 3. c4 Nf6 4. e3 a6 5. a4 Bg4 6. Nc3 e6 7. Qb3 Bxf3 8. Qxb7 Nbd7 9. gxf3 Rb8 10. Qxa6 Ra8 11. Qxc6 Rc8 12. cxd5 Rxc6 13. dxc6 Nb6 14.
a5 Nbd5 15. a6 Bb4 16. a7 Nxc3 17. Bd2 Qa8 18. bxc3 Bd6 19. Bb5 O-O 20. Ke2 g6 21. Ra6 Bc7 22. c4 Kg7 23. Rha1 Rd8 24. Bb4 Ne8 25.
Be7 Rc8 26. c5 Bd8 27. Bxd8 Rxd8 28. Rb6 Nc7 29. Bc4 Rc8 30. Rb7 Kf6 31. e4 Ne8 32.
Ra6 Rxc6 33. Rb8 Rxa6 34. Rxa8 Ra4 35. Rxe8 1-0

[Event "*** Titled Tuesday Blitz"]
[Site "Chess.com"]
[Date "2021.02.02"]
[Round "1"]
[White "StockholmMissile"]
[Black "beto-betun"]
[Result "1-0"]
[WhiteElo "2522"]
[BlackElo "2189"]
[TimeControl "180+1"]
[EndTime "10:07:08 PST"]
[Termination "StockholmMissile won on time"]

1. d4 Nf6 2. Bg5 Ne4 3. Bf4 d5 4. e3 g6 5. Nd2 Nxd2 6. Qxd2 Bg7 7.
h4 h5 8. Nf3 Nd7 9. Bd3 O-O 10.
O-O c5 11. c3 b6 12. a4 a6 13.
Rfd1 Bb7 14. Be2 Nf6 15. Ne5 Ne4 16. Qc2 cxd4 17. exd4 Rc8 18. Bd3 Kh7 19. f3 Nd6 20. g4 hxg4 21. h5 Nf5 22. hxg6+ fxg6 23. fxg4 Nh4 24.
Bxg6+ Kg8 25. Bg3 Nf3+ 26. Nxf3 Rxf3 27. Kg2 Rxg3+ 28. Kxg3 Qd6+ 29. Kg2 Rf8 30. Rf1 Bc8 31. Bh7+ Kh8 32. Rxf8+ Bxf8 33. Bf5 Bxf5 34. Qxf5 Bg7 35. Qf7 Bh6 36. Rh1 1-0

[Event "*** Titled Tuesday Blitz"]
[Site "Chess.com"]
[Date "2021.02.02"]
[Round "1"]
[White "guillembaches"]
[Black "Msb2"]
[Result "0-1"]
[WhiteElo "2457"]
[BlackElo "2896"]
[TimeControl "180+1"]
[EndTime "10:07:09 PST"]
[Termination "Msb2 won on time"]

1. e4 e6 2. d4 d5 3. exd5 exd5 4. Nf3 h6 5. c4 Bb4+ 6. Nc3 Nf6 7. Bd3 dxc4 8.
Bxc4 O-O 9. O-O Nbd7 10. Qd3 Nb6 11. Bb3 Nbd5 12. Ne5 c6 13. Qg3 Kh8 14. Bd2 Bd6 15.
Rfe1 Bf5 16. Rad1 Bh7 17. Qh4 Be7 18. Qh3 Qc8 19. Qxc8 Raxc8 20. Nxd5 Nxd5 21. Bxd5 cxd5 22. Ng6+ Bxg6 23. Rxe7 b6 24. Rxa7 Rc2 25. Bc3 Re8 26. Re1 Rxe1+ 27. Bxe1 Rxb2 28. a4 Rb1 29. Re7 Ra1 30.
f3 Rxa4 31. Bc3 Rc4 32. Bb2 b5 33. Kf2 b4 34. Re2 b3 35. Ke3 f6 36. Rd2 Bc2 37. g4 Kh7 38. h4 Ra4 39. Bc3 Ra2 40. Re2 b2 0-1

[Event "*** Titled Tuesday Blitz"]
[Site "Chess.com"]
[Date "2021.02.02"]
[Round "1"]
[White "lucachess49"]
[Black "Iskusnyh"]
[Result "0-1"]
[WhiteElo "2325"]
[BlackElo "2620"]
[TimeControl "180+1"]
[EndTime "10:07:09 PST"]
[Termination "Iskusnyh won by checkmate"]

1. d4 d5 2. c4 c6 3. Nc3 Nf6 4. e3 e6 5. Nf3 a6 6. Be2 c5 7. cxd5 exd5 8. O-O Nc6 9. b3 cxd4 10. Nxd4 Bd6 11.
Bb2 O-O 12. Rc1 Qe7 13. Nxc6 bxc6 14. Na4 Bb7 15. Qd4 Rfe8 16. Nc5 Bc8 17. Bf3 a5 18. g3 Rb8 19. Rfe1 Rb4 20. Qc3 Bg4 21. Bxg4 Rxg4 22. e4 dxe4 23. h3 Rg5 24. Nd3 Nd5 25.
Qd4 e3 26. f4 Rxg3+ 27. Kh2 Qh4 28. Nf2 Bxf4 29. Kh1 Rxh3+ 30. Nxh3 Qxh3+ 31. Kg1 Qh2+ 32. Kf1 Qf2# 0-1

[Event "*** Titled Tuesday Blitz"]
[Site "Chess.com"]
[Date "2021.02.02"]
[Round "1"]
[White "Gmedmundo"]
[Black "frederiksvane"]
[Result "0-1"]
[WhiteElo "2401"]
[BlackElo "2761"]
[TimeControl "180+1"]
[EndTime "10:07:11 PST"]
[Termination "frederiksvane won on time"]

1. e4 c5 2. Nf3 Nc6 3. Bb5 g6 4. Bxc6 dxc6 5. d3 Bg7 6. h3 Nf6 7. Nc3 Nd7 8. Be3 b6 9. Qd2 h6 10. O-O e5 11. Nh2 Nf8 12. f4 exf4 13. Bxf4 Ne6 14.
Bg3 Qg5 15. Qe1 Nd4 16. Qf2 O-O 17. Bh4 Qe5 18. Nf3 Qh5 19. Bg3 f5 20. e5 f4 21.
Bh2 Nxf3+ 22. Qxf3 Qxe5 23. Kh1 g5 24. Rae1 Qd6 25.
Ne4 Qd5 26. c4 Qd4 27. b3 Bf5 28. Bg1 Qd7 29. Rd1 Rad8 30. Nf2 Qe6 31. Rfe1 Qg6 32.
Ne4 h5 33. Rf1 Bh6 34. Qe2 Rfe8 0-1

[Event "*** Titled Tuesday Blitz"]
[Site "Chess.com"]
[Date "2021.02.02"]
[Round "1"]
[White "Sanyura"]
[Black "hypert"]
[Result "1-0"]
[WhiteElo "2707"]
[BlackElo "2379"]
[TimeControl "180+1"]
[EndTime "10:07:11 PST"]
[Termination "Sanyura won by resignation"]

1. e4 e5 2. Nf3 Nc6 3. Bb5 a6 4. Ba4 Nf6 5. O-O Be7 6. Re1 b5 7. Bb3 d6 8. c3 O-O 9. h3 Nb8 10. d4 Nbd7 11. Nbd2 Bb7 12. Bc2 Re8 13. Nf1 Bf8 14.
Ng3 g6 15. a4 Bg7 16. a5 b4 17.
dxe5 Nxe5 18. Nxe5 Rxe5 19. cxb4 h5 20. Bf4 Rb5 21. Bd2 h4 22. Nf1 d5 23. e5 Ne4 24.
Bxe4 dxe4 25. e6 fxe6 26. Qg4 Qf6 27. Bc3 Qf5 28. Ne3 Qxg4 29. Nxg4 c5 30. bxc5 Bxc3 31. bxc3 Rc8 32. Rad1 Rbxc5 33. Rd6 R8c6 34. Rd8+ Kf7 35. Rd7+ Ke8 36. Rxb7 Rxa5 37. Nf6+ Kd8 38. Rd1+ Kc8 39.
Rg7 Rxc3 40. Rdd7 Kb8 41. Rb7+ Ka8 42. Ra7+ Kb8 43. Rgb7+ Kc8 44. Nd7 Rb5 45. Nb6+ Rxb6 46. Rxb6 1-0

[Event "*** Titled Tuesday Blitz"]
[Site "Chess.com"]
[Date "2021.02.02"]
[Round "1"]
[White "FloMaster111"]
[Black "CHENNAIBOND"]
[Result "1-0"]
[WhiteElo "2479"]
[BlackElo "1708"]
[TimeControl "180+1"]
[EndTime "10:07:11 PST"]
[Termination "FloMaster111 won on time"]

1. e4 c5 2. Nf3 Nc6 3. c3 Nf6 4.
e5 Nd5 5. d4 d6 6. dxc5 dxe5 7.
Bb5 e6 8. Nxe5 Bd7 9. Nxd7 Qxd7 10. O-O Bxc5 11. Qg4 O-O-O 12. b4 Bd6 13. Be3 Nxe3 14. fxe3 f5 15. Qe2 g5 16. Na3 Qc7 17. h3 g4 18.
h4 Bh2+ 19. Kh1 Qg3 20. Bxc6 bxc6 21. Qc4 Rd6 22. Nb5 Qxh4 23. Rf2 Bg3+ 24. Kg1 Bxf2+ 25. Kf1 Rhd8 26. Nxd6+ Rxd6 27. Qa6+ Kc7 28. Qa5+ Kc8 29. Qa6+ Kd8 30. Qb7 1-0

[Event "*** Titled Tuesday Blitz"]
[Site "Chess.com"]
[Date "2021.02.02"]
[Round "1"]
[White "PSvidler"]
[Black "petrkostenko"]
[Result "1-0"]
[WhiteElo "2904"]
[BlackElo "2459"]
[TimeControl "180+1"]
[EndTime "10:07:12 PST"]
[Termination "PSvidler won by resignation"]

1. e4 e6 2. d3 d5 3. Nd2 Nf6 4. Ngf3 Nc6 5. e5 Nd7 6. d4 Be7 7. Bb5 O-O 8. O-O a6 9. Bxc6 bxc6 10. Nb3 c5 11. Na5 Nb8 12. c3 cxd4 13. cxd4 c5 14. Bd2 cxd4 15. Nxd4 Bd7 16. Rc1 Qb6 17. Nab3 a5 18. Be3 Qb7 19. Qg4 Rc8 20. Bh6 g6 21.
Rxc8+ Bxc8 22. Rc1 a4 23. Nc5 Bxc5 24. Rxc5 Nd7 25. Qf4 Qxb2 26. h3 Qb1+ 27. Rc1 Qe4 28. Qg5 Ba6 29. Nc6 Re8 30. Ne7+ Kh8 31. Rc7 Qe1+ 32.
Kh2 Qxe5+ 33. f4 Qxg5 34. Bxg5 f6 35. Rxd7 Rxe7 36. Bxf6+ 1-0

[Event "*** Titled Tuesday Blitz"]
[Site "Chess.com"]
[Date "2021.02.02"]
[Round "1"]
[White "HristosBanikas"]
[Black "VALPARAISO37"]
[Result "1-0"]
[WhiteElo "2853"]
[BlackElo "2435"]
[TimeControl "180+1"]
[EndTime "10:07:12 PST"]
[Termination "HristosBanikas won on time"]

1. d4 Nf6 2. c4 e6 3. Nf3 d5 4. g3 dxc4 5. Bg2 Nc6 6. O-O Rb8 7. e3 Be7 8. Qe2 b5 9. b3 O-O 10. bxc4 bxc4 11. Qxc4 Nb4 12. Qc3 Ba6 13. Nbd2 Nfd5 14.
Qb2 Nd3 15. Qc2 N3b4 16. Qb3 Be2 17. Ne5 f6 18. Nec4 Nd3 19. Qc2 N5b4 20. Qc3 Nd5 21. Qc2 N3b4 22. Qb3 c5 23. dxc5 Nd3 24. Qc2 N3b4 25.
Qe4 Qd7 26. Ba3 Bxc5 27. Rfc1 Bd3 28. Qg4 Bf5 29. Qd1 Bg6 30. Nb3 Rfc8 31. e4 Bxf2+ 32. Kxf2 Qb5 33. exd5 Rxc4 34. Bxb4 Qxb4 35. Rxc4 Qxc4 36.
Rc1 Qb4 37. dxe6 Qb6+ 38. Qd4 Re8 39. Qxb6 axb6 40. Bd5 Bf5 41. Nd4 g6 42. Nxf5 gxf5 43.
Rc7 Rc8 44. Rxc8+ Kg7 45. Rc7+ Kg6 46. e7 Kg5 47. e8=Q f4 48. Rg7+ 1-0

[Event "*** Titled Tuesday Blitz"]
[Site "Chess.com"]
[Date "2021.02.02"]
[Round "1"]
[White "Sharpchess22"]
[Black "Shepherdboy"]
[Result "0-1"]
[WhiteElo "2702"]
[BlackElo "2397"]
[TimeControl "180+1"]
[EndTime "10:07:12 PST"]
[Termination "Shepherdboy won on time"]

1. d4 d5 2. Nf3 Nf6 3. Bf4 c5 4.
e3 Nc6 5. Nbd2 e6 6. c3 Bd6 7.
Bg3 O-O 8. Bd3 b6 9. Qe2 Bb7 10.
Rd1 Rc8 11. e4 Be7 12. e5 Nh5 13. Ng5 Bxg5 14. Qxh5 g6 15. Qe2 cxd4 16. h4 Bxd2+ 17. Qxd2 dxc3 18. bxc3 Qc7 19. h5 d4 20. Qh6 dxc3 21.
hxg6 fxg6 22. Bxg6 hxg6 23. Qxg6+ Qg7 24. Qxe6+ Qf7 25.
Qg4+ Qg7 26. Qc4+ Qf7 27. e6 Qg7 28. e7+ Rf7 29. Qe6 Re8 30. Rd7 Bc8 31. O-O Bxd7 32.
Qxd7 Rexe7 33. Qxc6 Qd4 34. Qc8+ Kg7 35. Rc1 Rf8 36. Qc6 Qd2 0-1

[Event "*** Titled Tuesday Blitz"]
[Site "Chess.com"]
[Date "2021.02.02"]
[Round "1"]
[White "catzapto"]
[Black "enriquetejedor"]
[Result "0-1"]
[WhiteElo "2104"]
[BlackElo "2505"]
[TimeControl "180+1"]
[EndTime "10:07:12 PST"]
[Termination "enriquetejedor won by resignation"]

1. e4 c5 2. Nf3 Nf6 3. e5 Nd5 4. c3 e6 5. d4 cxd4 6. cxd4 d6 7. Nc3 Nxc3 8. bxc3 Nd7 9. Bf4 Qc7 10. Qd2 b6 11. Bb5 Bb7 12. O-O Be7 13. Bxd7+ Qxd7 14. exd6 Bxd6 15. Bxd6 Qxd6 16. Ne5 O-O 17. Rac1 Rfd8 18. f4 Rac8 19. Rf2 Rc7 20. f5 exf5 21. Rxf5 f6 22. Ng4 Qc6 23. Rf2 Rdc8 24. Qf4 Qe6 25. Qg3 Kh8 26.
h4 Rxc3 27. Rxc3 Qe1+ 28. Kh2 Qxc3 29. Qxc3 Rxc3 30. h5 h6 31. g3 Rc1 32. Ne3 Re1 33. Kh3 Rxe3 0-1

[Event "*** Titled Tuesday Blitz"]
[Site "Chess.com"]
[Date "2021.02.02"]
[Round "1"]
[White "kleopl"]
[Black "TheSodabread"]
[Result "1-0"]
[WhiteElo "2503"]
[BlackElo "2085"]
[TimeControl "180+1"]
[EndTime "10:07:12 PST"]
[Termination "kleopl won by checkmate"]

1. c4 e5 2. Nc3 Nc6 3. Nf3 f5 4. g3 e4 5. Nh4 d6 6. d3 Be7 7. Ng2 Nf6 8. h4 O-O 9. Bg5 h6 10. Bxf6 Bxf6 11. Qd2 exd3 12. exd3 Nd4 13. O-O-O a5 14. Nf4 Re8 15. Bg2 Rb8 16. Bd5+ Kh7 17. Bf7 Re7 18. Bg6+ Kg8 19. Ncd5 Rd7 20. Nh5 Be7 21.
Qxa5 c6 22. Nb6 Qc7 23. Qa7 Rd8 24. Nxc8 c5 25. Nxe7+ Qxe7 26. Rhe1 Qd7 27. Qa3 Ra8 28. Qc3 Rxa2 29. Re3 Ra1+ 30. Kd2 Rxd1+ 31. Kxd1 Qa4+ 32.
Ke1 Nc2+ 33. Ke2 Nxe3 34. fxe3 Rf8 35. Qxg7# 1-0

[Event "*** Titled Tuesday Blitz"]
[Site "Chess.com"]
[Date "2021.02.02"]
[Round "1"]
[White "Kostya_Nikologorskiy"]
[Black "imdvb6307"]
[Result "1/2-1/2"]
[WhiteElo "2666"]
[BlackElo "2376"]
[TimeControl "180+1"]
[EndTime "10:07:13 PST"]
[Termination "Game drawn by repetition"]

1. e4 e5 2. Nf3 Nf6 3. Nc3 Nc6 4.
Bc4 Be7 5. d3 d6 6. h3 O-O 7. a3 Be6 8. O-O d5 9. exd5 Nxd5 10.
Nxd5 Bxd5 11. Bxd5 Qxd5 12. Re1 Rad8 13. Qe2 f6 14.
Bd2 a5 15. Bc3 Bc5 16. Qe4 Nd4 17. Nxd4 Bxd4 18. Bxd4 Qxe4 19. Rxe4 Rxd4 20. Rae1 Rfd8 21. f3 a4 22. Kf2 Kf7 23. f4 Rxe4 24. Rxe4 Rd4 25.
Rxd4 exd4 26. f5 Ke7 27. Kf3 Kd6 28. Ke4 c5 29. c3 dxc3 30. bxc3 b5 31. d4 Kc6 32. g4 h6 33. Kd3 Kd5 34. h4 Kc6 35. c4 b4 36. d5+ Kd6 37. axb4 cxb4 38. Kc2 Kc5 39. Kb2 b3 40. Kc3 Kd6 41. Kb2 Kc5 42. Kc3 Kd6 43. Kb2 Kc5 1/2-1/2

[Event "*** Titled Tuesday Blitz"]
[Site "Chess.com"]
[Date "2021.02.02"]
[Round "1"]
[White "BvsN"]
[Black "Aemulus20"]
[Result "1-0"]
[WhiteElo "2372"]
[BlackElo "2648"]
[TimeControl "180+1"]
[EndTime "10:07:13 PST"]
[Termination "BvsN won by resignation"]

1. c4 c5 2. Nf3 g6 3. e4 Bg7 4. d4 cxd4 5. Nxd4 Nc6 6. Be3 Nf6 7. Nc3 d6 8. Be2 Nxd4 9. Bxd4 O-O 10. O-O a5 11. b3 Bd7 12. Qd3 Bc6 13. Rfd1 Nd7 14. Bxg7 Kxg7 15. Qd4+ f6 16. Bg4 Nc5 17. Rac1 b6 18.
Bh3 Qc7 19. f4 Rad8 20. Qe3 Qb7 21. Nd5 Rfe8 22. Re1 e6 23. Nc3 f5 24. e5 d5 25.
cxd5 Bxd5 26. Rcd1 Bc6 27. Rd6 Rxd6 28. exd6 Nd7 29. Rd1 e5 30. g3 b5 31. Bf1 b4 32. Na4 Bxa4 33. bxa4 Qb8 34. Bb5 Qd8 35.
Bxd7 Qxd7 36. fxe5 Qe6 37. d7 Rd8 38. Qd4 Qxa2 39.
e6+ Kh6 40. e7 1-0

[Event "*** Titled Tuesday Blitz"]
[Site "Chess.com"]
[Date "2021.02.02"]
[Round "1"]
[White "Margency"]
[Black "Sjakkerntobi"]
[Result "1-0"]
[WhiteElo "2623"]
[BlackElo "2325"]
[TimeControl "180+1"]
[EndTime "10:07:13 PST"]
[Termination "Margency won by resignation"]

1. e4 e6 2. d4 d5 3. Nc3 Bb4 4. e5 Ne7 5. Bd2 b6 6. Nce2 Bxd2+ 7. Qxd2 Ba6 8. Nf3 c5 9. c3 Nbc6 10. g3 Rc8 11. Bh3 cxd4 12. cxd4 Bxe2 13. Qxe2 Nb4 14.
O-O Rc2 15. Qb5+ Nbc6 16. Rfc1 Rxc1+ 17. Rxc1 O-O 18. Bf1 Qd7 19. Qa4 Rc8 20. Bb5 h6 21. h4 Rc7 22. Rc3 Qc8 23. Ba6 Qd8 24. Qa3 Na5 25.
Qd6 Rd7 26. Qb4 Rc7 27. Kf1 Rxc3 28. Qxc3 Qd7 29. b4 Nac6 30. a3 Nb8 31. Bd3 Qc6 32.
Qxc6 Nbxc6 33. Ke2 Kf8 34. h5 Ke8 35. g4 Kf8 36. Ke3 a5 37. b5 Nd8 38. Ng1 Nb7 39. Ne2 Nc8 40. f4 Ke7 41. Nc3 Kf8 42. f5 Ke7 43. Kf4 f6 44. fxe6 fxe5+ 45. Kxe5 Ncd6 46. Nxd5+ Ke8 1-0

[Event "*** Titled Tuesday Blitz"]
[Site "Chess.com"]
[Date "2021.02.02"]
[Round "1"]
[White "GMJustin"]
[Black "PopMilan95"]
[Result "1/2-1/2"]
[WhiteElo "2301"]
[BlackElo "2579"]
[TimeControl "180+1"]
[EndTime "10:07:13 PST"]
[Termination "Game drawn by agreement"]

1. e4 d6 2. d4 Nf6 3. Nc3 e5 4. Nf3 exd4 5. Nxd4 Be7 6. Bf4 O-O 7. Qd2 Nc6 8.
O-O-O Nxd4 9. Qxd4 Be6 10. f3 Nd7 11. h4 Bxh4 12. Qd2 h6 13. Kb1 Bg5 14. g3 Re8 15.
Nd5 Bxd5 16. Qxd5 Rb8 17. Bc4 Qf6 18. Bxg5 hxg5 19. f4 Nb6 20. Qd3 Nxc4 21. Qxc4 gxf4 22.
gxf4 Qe6 23. Qc3 Qxe4 24. Rdg1 f6 25. Qxf6 Qe1+ 26. Rxe1 Rxe1+ 27. Rxe1 gxf6 28. Re7 c6 29. Kc1 Kf8 30. Rc7 d5 31. Kd2 a5 32. a4 b5 33.
Rxc6 bxa4 34. Rxf6+ Ke7 35. Ra6 Rxb2 36. Rxa5 Rb4 37.
Rxd5 Rxf4 38. Kc3 Ke6 39. Ra5 Kd6 40. Kb2 1/2-1/2

[Event "*** Titled Tuesday Blitz"]
[Site "Chess.com"]
[Date "2021.02.02"]
[Round "1"]
[White "MikeSailer"]
[Black "KyronGriffith"]
[Result "0-1"]
[WhiteElo "2172"]
[BlackElo "2519"]
[TimeControl "180+1"]
[EndTime "10:07:13 PST"]
[Termination "KyronGriffith won by checkmate"]

1. d4 Nf6 2. Nf3 g6 3. Bf4 Bg7 4. e3 d6 5. Be2 O-O 6. O-O Nfd7 7. h3 e5 8. Bh2 Nc6 9. c4 e4 10. Nfd2 f5 11. Nc3 Nf6 12. Rb1 Kh8 13. b4 Ne7 14. a4 Be6 15. Qc2 Qd7 16. d5 Bg8 17. Nb3 Rae8 18. Nd4 g5 19. a5 Ng6 20. a6 bxa6 21.
Ra1 f4 22. exf4 gxf4 23. f3 Nxd5 24. Nxd5 Bxd4+ 25. Kh1 e3 26. Rxa6 c6 27. Nc3 Qb7 28. b5 cxb5 29. cxb5 Rc8 30. Rc6 Rxc6 31. bxc6 Qxc6 32.
Rc1 Rc8 33. Qf5 Bxc3 34. Bxf4 Rf8 35. Qg5 Rxf4 36. Bd3 Qc5 37. Qd8 Rf8 38. Qd7 Qe5 39.
Be4 Bd2 40. Rc7 Rf7 41. Qd8 Rxc7 42. Qxc7 e2 43. Bxg6 e1=Q# 0-1